 Dungeon Crawl Stone Soup version 0.21.1-1-g345015f (webtiles) character file.

29 letownia2 the Conjurer (level 3, -4/19 HPs)
             Began as a Tengu Wizard on Mar 5, 2018.
             Slain by an orc
             ... wielding a +0 falchion
              (5 damage)
             ... on level 3 of the Dungeon.
             The game lasted 00:01:36 (447 turns).

letownia2 the Conjurer (Tengu Wizard)                Turns: 447, Time: 00:01:36

Health: -4/19      AC:  2    Str:  7    XL:     3   Next: 16%
Magic:  1/8        EV: 12    Int: 19    God:
Gold:   31         SH:  0    Dex: 12    Spells: 4/8 levels left

rFire    . . .     SeeInvis .   f - +0 short sword
rCold    . . .     Gourm    .   (no shield)
rNeg     . . .     Faith    .   a - +0 robe
rPois    .         Spirit   .   b - +0 hat
rElec    .         Reflect  .   (no cloak)
rCorr    .         Harm     .   (no gloves)
MR       .....                  (boots unavailable)
Stlth    ++........             (no amulet)
HPRegen  0.06/turn              (no ring)
MPRegen  0.11/turn              (no ring)

@: very slightly contaminated
A: beak, talons 3
a: no special abilities


You were on level 3 of the Dungeon.
You were not hungry.

You visited 1 branch of the dungeon, and saw 3 of its levels.

You collected 31 gold pieces.

Inventory:

Hand Weapons
 f - a +0 short sword (weapon)
Missiles
 g - 5 tomahawks (quivered)
Armour
 a - a +0 robe (worn)
 b - a +0 hat (worn)
 h - a cursed +0 ring mail
Potions
 e - 3 potions of heal wounds {unknown}
 i - a potion of resistance {unknown}
Books
 c - a book of Minor Magic

   Spells                             Type                      Level
   a - Magic Dart                     Conjuration                  1
   b - Blink                          Translocation                2
   c - Call Imp                       Summoning                    2
   d - Slow                           Hexes                        2
   e - Conjure Flame                  Conjuration/Fire             3
   f - Mephitic Cloud                 Conjuration/Poison/Air       3
Comestibles
 d - a ration


   Skills:
 - Level 2.1 Dodging
 - Level 2.0 Stealth
 - Level 3.0 Spellcasting
 + Level 4.0 Conjurations
   Level 1.2 Summonings
   Level 0.7 Translocations
 + Level 0.4 Air Magic


You had 4 spell levels left.
You knew the following spells:

 Your Spells              Type           Power        Failure   Level  Hunger
a - Magic Dart            Conj           ###.         3%          1    None
e - Mephitic Cloud        Conj/Pois/Air  #.......     26%         3    ###....


Dungeon Overview and Level Annotations

Branches:
Dungeon (3/15)

Altars:


Innate Abilities, Weirdness & Mutations

You have a beak for a mouth.
You have claws for feet.


Message History

The orc is lightly wounded.
The orc misses you.
You barely miss the orc. You claw the orc.
The orc is moderately wounded.
The kobold hits you. The orc hits you with a falchion. The kobold hits you.
* * * LOW HITPOINT WARNING * * *
A goblin comes into view. It is wielding a spear.
You hit the orc but do no damage.
The orc is moderately wounded.
The orc barely misses you. The kobold closely misses you.
You barely miss the orc.
The orc is moderately wounded.
The orc hits you with a falchion.
* * * LOW HITPOINT WARNING * * *
The kobold hits you.
* * * LOW HITPOINT WARNING * * *
You barely miss the orc.
The orc is moderately wounded.
The orc hits you with a falchion.
You die... .. .. .# ###.g .# g'..

.# # #.. .###...
###..###########..l..#
.........g.goK@o#
...#.#....######### ..#
........(## ..# .#.#.##.##
..# .....##.#### †.#
....[......# o.#
##.####.##o# ).#
##.####.##.#############..#
.)...##.##.o.o........>...#


You could see 2 orcs, 2 goblins, a kobold and a frilled lizard.

Vanquished Creatures
  An adder (D:2)
  3 orcs (D:3)
  2 giant cockroaches (D:2)
  3 goblins
  2 hobgoblins
  2 bats (D:2)
  A frilled lizard (D:3)
  A kobold (D:2)
  2 rats (D:2)
17 creatures vanquished.

Notes
Turn   | Place    | Note
-------+----------+-------------------------------------------
     0 | D:1      | letownia2 the Tengu Wizard began the quest for the Orb.
     0 | D:1      | Reached XP level 1. HP: 10/10 MP: 5/5
   163 | D:2      | Reached skill level 3 in Conjurations
   163 | D:2      | Reached XP level 2. HP: 7/15 MP: 0/7
   374 | D:3      | Reached XP level 3. HP: 13/19 MP: 3/8
   394 | D:3      | Learned a level 3 spell: Mephitic Cloud
   414 | D:3      | Reached skill level 4 in Conjurations
   447 | D:3      | Slain by an orc

Skill      XL: |  1  2  3 |
---------------+----------+-----
Conjurations   | 3 4 |  4.0
Dodging        | |  2.1
Stealth        | |  2.0
Spellcasting   | |  3.0
Summonings     | |  1.2
Translocations | |  0.7
Air Magic      | |  0.4

Action                   || total
-------------------------++-------
Melee: Unarmed           ||     9
       Kick              ||     5
       Peck              ||     5
       Short sword       ||    21
 Cast: Magic Dart        ||    29
Armor: Robe              ||     9
Dodge: Dodged            ||    24
